 Dungeon Crawl Stone Soup version 0.26-a0-466-g989023bd0d (webtiles) character file.

Game seed: 2123688570038055491

43 vurker the Chopper (level 3, -3/33 HPs)
             Began as a Minotaur Monk on Aug 12, 2020.
             Slain by a goblin (4 damage)
             ... led by Robin
             ... on level 2 of the Dungeon.
             The game lasted 00:01:13 (1082 turns).

vurker the Chopper (Minotaur Monk)                  Turns: 1082, Time: 00:01:14

Health: -3/33      AC: -2    Str: 16    XL:     3   Next: 37%
Magic:  2/2        EV: 13    Int:  7    God:
Gold:   90         SH:  0    Dex: 12    Spells: 2/2 levels left

rFire    . . .     SeeInvis .   a - +0 hand axe
rCold    . . .     Faith    .   (no shield)
rNeg     . . .     Spirit   .   b - +0 robe
rPois    .         Reflect  .   (helmet restricted)
rElec    .         Harm     .   (no cloak)
rCorr    .                      (no gloves)
MR       .....                  (no boots)
Stlth    ++........             (no amulet)
HPRegen  0.11/turn              c - -4 ring of protection (curse)
MPRegen  0.08/turn              d - ring of flight

@: no status effects
A: retaliatory headbutt, horns 2
a: Evoke Flight


You were on level 2 of the Dungeon.
You visited 1 branch of the dungeon, and saw 2 of its levels.

You collected 90 gold pieces.

Inventory:

Hand Weapons
 a - a +0 hand axe (weapon)
Armour
 b - a +0 robe (worn)
Jewellery
 c - a cursed -4 ring of protection (left hand)
   (You found it on level 1 of the Dungeon)
 d - a ring of flight (right hand)
   (You found it on level 1 of the Dungeon)
Scrolls
 g - a scroll of identify {unknown}
 h - 2 scrolls of remove curse {unknown}
 i - a scroll of fog {unknown}
 k - a scroll of magic mapping {unknown}
 l - a scroll of blinking {unknown}
Potions
 e - a potion of might {unknown}
 f - a potion of cancellation {unknown}
 j - a potion of brilliance {unknown}


   Skills:
 + Level 4.2 Fighting
 * Level 4.9 Axes
 - Level 3.2 Dodging
 - Level 1.5 Stealth


You had 2 spell levels left.
You didn't know any spells.
Your spell library was empty.

Dungeon Overview and Level Annotations

Branches:
Dungeon (2/15)

Altars:

Annotations:
D:2 Robin


Innate Abilities, Weirdness & Mutations

You reflexively headbutt those who attack you in melee.
You have a pair of horns on your head.


Message History

You hit the goblin. You hit the hobgoblin but do no damage.
The hobgoblin barely misses you.
The goblin unwields a +0 hunting sling.
The goblin barely misses you. You furiously retaliate!
You headbutt the goblin. You closely miss the hobgoblin. You hit the goblin.
You kill the goblin!
You closely miss the goblin. You hit Robin but do no damage.
The goblin barely misses you. The hobgoblin closely misses you.
The goblin misses you. The hobgoblin hits you!
You hit the hobgoblin. You hit Robin. You hit the goblin.
You hit the goblin but do no damage. Robin throws the goblin at you!
The goblin barely misses you. The goblin misses you. The hobgoblin hits you!
* * * LOW HITPOINT WARNING * * *
Robin's bangles clink loudly.
Robin throws the goblin at you!
* * * LOW HITPOINT WARNING * * *
The hobgoblin closely misses you.
You barely miss the goblin. You closely miss the hobgoblin.
You miss the goblin. You hit Robin but do no damage.
The goblin hits you with a +0 club.
* * * LOW HITPOINT WARNING * * *
Robin closely misses you. The goblin closely misses you.
You furiously retaliate!
You headbutt the goblin.
You kill the goblin!
The hobgoblin closely misses you.
You slash the goblin!
You kill the goblin!
You hit Robin. You closely miss the goblin.
You hit the hobgoblin but do no damage. Robin barely misses you.
The goblin hits you.
* * * LOW HITPOINT WARNING * * *
The hobgoblin misses you. Robin throws the goblin at you!
* * * LOW HITPOINT WARNING * * *
The goblin closely misses you.
Things that are here:
a +0 club; a goblin corpse You closely miss the goblin.
You hit the hobgoblin but do no damage. The goblin misses you.
The hobgoblin closely misses you.
You hit the hobgoblin.
You kill the hobgoblin!
You hit the goblin.
Robin roars a battlecry!
The goblins go into a battle-frenzy!
The goblin hits you.
* * * LOW HITPOINT WARNING * * *
You hit the goblin. Your headbutt misses the goblin.
You barely miss the goblin. Robin throws the goblin at you!
* * * LOW HITPOINT WARNING * * *
The goblin hits you.
You die...

# ... ##. ...# #.# ##
...#####... #.# ...
...#... #.# ..# #.#.# #.#
#.## ..####...#######
#.##...##
.......)..)....#
#........
..####†..#####.###gg....#
##.## #..g@g))...# #.#
#..g##.).#.#
#.#####.....g....#
#......†..###.####
#######.#.# .. #.#.# ###
#.#.# #.#.# #.#.#


You could see Robin, 2 hobgoblins and 2 goblins.

Vanquished Creatures
  An ooze (D:2)
  A worm (D:2)
  2 dart slugs (D:1)
  A leopard gecko (D:2)
  8 goblins
  6 hobgoblins
  4 bats
  2 frilled lizards (D:1)
  A kobold (D:1)
  4 rats (D:1)
30 creatures vanquished.

Notes
Turn   | Place    | Note
-------+----------+-------------------------------------------
     0 | D:1      | vurker the Minotaur Monk began the quest for the Orb.
     0 | D:1      | Reached XP level 1. HP: 19/19 MP: 0/0
   261 | D:1      | Reached XP level 2. HP: 22/27 MP: 1/1
   977 | D:2      | Reached XP level 3. HP: 33/33 MP: 2/2
  1069 | D:2      | Noticed Robin
  1082 | D:2      | HP: 1/33 [Robin/goblin (2)]
  1082 | D:2      | Slain by a goblin

Illustrated notes

Levels and vault maps discovered:
D:1:      ebering_trefoil_twist, layout_loops_ring
D:2:      layout_loops_ring, chequers_ecumenical_altar_island,
          minmay_misc_feat_more_columns, uniq_robin

Skill      XL: |  1  2 |
---------------+-------+-----
Axes           | 4 |  4.9
Fighting       | 4 |  4.2
Dodging        | |  3.2
Stealth        | |  1.5

Action                   || total
-------------------------++-------
Melee: Hand axe          ||    57
       Headbutt          ||     6
 Stab: Sleeping          ||     8
       Distracted        ||     1
Dodge: Dodged            ||    48

Table legend: (Time is in decaauts)
 A = Elapsed time spent in this place.
 B = Non-inter-level travel time spent in this place.
 C = Inter-level travel time spent in this place.
 D = Time resting spent in this place.
 E = Time spent auto-exploring this place.
 F = Levels seen in this place.
 G = Mean time per level.
                   A        B        C        D        E       F      G
               +--------+--------+--------+--------+--------+-----+--------+
         Total |   1085 |   1052 |     33 |      0 |    863 |   2 |  542.5 |
       Dungeon |   1085 |   1052 |     33 |      0 |    863 |   2 |  542.5 |
               +--------+--------+--------+--------+--------+-----+--------+

Top non-repeatable levels by time:
     D:1: 919 daAuts
     D:2: 166 daAuts
